 Dungeon Crawl Stone Soup version 0.31-a0-981-geadf994542 (webtiles) character file.

Game seed: 10594025522675439237

245 FakeRyeBread the Covered (level 6, -2/39 HPs)
             Began as a Gargoyle Fighter on Nov 1, 2023.
             Was a Priest of Trog.
             Slain by an ogre
             ... wielding a +0 giant club
              (21 damage)
             ... on level 5 of the Dungeon.
             The game lasted 00:14:01 (3765 turns).

FakeRyeBread the Covered (Gargoyle Fighter)         Turns: 3765, Time: 00:14:01

Health: -2/39      AC: 18    Str: 21    XL:     6   Next: 10%
Magic:  6/6        EV:  8    Int:  9    God:    Trog [***...]
Gold:   1099       SH:  4    Dex:  9    Spells: 5/5 levels left

rFire   . . .        a - +1 flail
rCold   . . .        c - +0 buckler
rNeg    + . .        h - +0 chain mail
rPois   ∞            q - +0 helmet
rElec   +            j - +0 cloak
rCorr   .            n - +1 pair of gloves
SInv    .            (no boots)
Will    .....        (no amulet) Stlth
                     (no ring)
HPRegen 0.26/turn    (no ring)
MPRegen 0.10/turn

%: no passive effects
@: no status effects
A: sickness immunity, AC +4, negative energy resistance 1, electricity
resistance, torment resistance 1, petrification resistance
a: Renounce Religion, Berserk, Trog's Hand


You were on level 5 of the Dungeon.
You worshipped Trog.
Trog was most pleased with you.
You visited 1 branch of the dungeon, and saw 5 of its levels.

You collected 1194 gold pieces.
You spent 95 gold pieces at shops.

Inventory:

Hand Weapons
 a - a +1 flail (weapon)
Missiles
 i - 30 stones
Armour
 c - a +0 buckler (worn)
 h - a +0 chain mail (worn)
 j - a +0 cloak (worn)
 n - a +1 pair of gloves (worn)
 q - a +0 helmet (worn)
Wands
 r - a wand of roots (8)
 x - a wand of flame (20)
Scrolls
 b - a scroll of enchant weapon
 e - a scroll of fear
 f - 2 scrolls of immolation
 g - a scroll of butterflies
 l - 2 scrolls of teleportation
 m - 2 scrolls of identify
 p - a scroll of blinking
Potions
 d - a potion of might
 k - 2 potions of attraction
 o - 3 potions of brilliance
 s - a potion of haste
 t - a potion of curing {unknown}
 u - a potion of resistance
 v - a potion of berserk rage
 w - a potion of heal wounds
 z - a potion of enlightenment {unknown}


   Skills:
 + Level 4.3 Fighting
 * Level 4.2 Maces & Flails
 + Level 4.3 Armour
 + Level 4.3 Shields


You had 5 spell levels left.
You didn't know any spells.
Your spell library was empty.

Dungeon Overview and Level Annotations

Branches:
Dungeon (5/15)             Temple (0/1) D:4

Altars:
Gozag
Kikubaaqudgha
Trog
Vehumet

Shops:
D:2 (   D:3 **?


Innate Abilities, Weirdness & Mutations

You are immune to sickness and miasma.
Your stone body is resilient. (AC +4)
You are immune to poison.
You resist negative energy. (rN+)
You are resistant to electric shocks. (rElec)
You are resistant to unholy torment.
You are immune to petrification.


Message History

A quokka and a sleepcap come into view.
An ogre comes into view. It is wielding a +0 giant club.
Found 8 gold pieces.
The ogre shouts!
The sleepcap releases spores at you but does no damage.
You hit the sleepcap but do no damage. The sleepcap releases spores at you.
You hit the sleepcap.
The sleepcap is lightly damaged.
You block the sleepcap's attack.
The sleepcap releases spores at you but does no damage.
You thump the sleepcap!
The sleepcap is heavily damaged.
The sleepcap releases spores at you but does no damage.
You sock the sleepcap!
The sleepcap is almost destroyed.
The sleepcap closely misses you.
You sock the sleepcap!
You destroy the sleepcap!
Trog accepts your kill.
You have reached level 6!
You barely miss the ogre. The ogre barely misses you.
You hit the ogre.
The ogre is lightly wounded.
The ogre hits you with a +0 giant club.
You barely miss the ogre.
The ogre is lightly wounded.
The ogre hits you with a +0 giant club!
You closely miss the ogre.
The ogre is lightly wounded.
You sock the ogre!
The ogre is heavily wounded.
The ogre closely misses you.
You thump the ogre!
The ogre is severely wounded.
The ogre completely misses you.
You hit the ogre.
The ogre is almost dead.
The ogre hits you with a +0 giant club!!
Ouch! That really hurt!
You die...

#..# #..# #..#
#..# # #..# ☼..
#..##
$....#...#
.._......######
.....#.#.rO@..#
☼.. #.######.#
# ##.# #.# #..#
#.# #..# ###.#
#.<####...#
#....##.###
##.#.##.#
...#....#.#


You could see an ogre and a quokka.

Vanquished Creatures
  A jelly (D:4)
  A sleepcap (D:5)
  Jessica (D:2)
  Robin (D:4)
  5 adders
  A white imp (D:5)
  2 dart slugs
  8 orcs
  5 endoplasms
  4 giant cockroaches
  12 hobgoblins
  4 jackals (D:4)
  3 quokkas
  5 ball pythons
  3 bats
  A frilled lizard (D:1)
  18 goblins
  3 kobolds
  7 rats
85 creatures vanquished.

Notes
Turn   | Place    | Note
-------+----------+-------------------------------------------
     0 | D:1      | FakeRyeBread the Gargoyle Fighter began the quest for the
                  | Orb.
     0 | D:1      | Reached XP level 1. HP: 14/14 MP: 1/1
    32 | D:1      | Found a faded altar of an unknown god.
    62 | D:1      | Prayed at the altar of an unknown god.
    62 | D:1      | Became a worshipper of Trog the Wrathful
    62 | D:1      | Reached * piety under Trog
   272 | D:1      | Reached XP level 2. HP: 19/19 MP: 2/2
  1167 | D:2      | Found Osuitais's Weapon Shoppe.
  1247 | D:2      | Reached XP level 3. HP: 23/23 MP: 3/3
  1285 | D:2      | Noticed Jessica
  1289 | D:2      | Killed Jessica
  1346 | D:2      | Reached ** piety under Trog
  1413 | D:2      | Reached XP level 4. HP: 29/29 MP: 4/4
  2293 | D:3      | Found Foimoxta's Magic Scroll Emporium.
  2321 | D:3      | Found Ryoriex's Assorted Antiques.
  2339 | D:3      | Bought a scroll labelled CAWIET INITADD for 20 gold pieces
  2340 | D:3      | Acquired 961 gold pieces
  2492 | D:3      | Found Urabbiteus's General Store.
  2510 | D:3      | Reached XP level 5. HP: 28/33 MP: 5/5
  2575 | D:3      | Bought a scroll of blinking for 75 gold pieces
  2776 | D:4      | Found a staircase to the Ecumenical Temple.
  2916 | D:4      | Noticed Robin
  2944 | D:4      | Reached *** piety under Trog
  2963 | D:4      | Killed Robin
  3028 | D:4      | Found an opulent altar of Gozag.
  3224 | D:4      | Found a radiant altar of Vehumet.
  3719 | D:5      | Entered Level 5 of the Dungeon
  3744 | D:5      | Found an ancient bone altar of Kikubaaqudgha.
  3746 | D:5      | Noticed an ogre
  3759 | D:5      | Reached XP level 6. HP: 38/39 MP: 6/6
  3765 | D:5      | Slain by an ogre

Illustrated notes

Levels and vault maps discovered:
D:1:      roderic_crop_circles_arrival_small, layout_basic,
          hellmonk_ecumenical_altar_blasted
D:2:      layout_basic, serial_shops, nicolae_shop_tiny_statue_garden,
          uniq_jessica
D:3:      wad_crossroads, layout_rooms, serial_shops, shop, shop, shop,
          corexii_item_surrounded_by_moat
D:4:      layout_basic, overflow_temple_1_default, vehumet_altar_wand_db,
          minmay_temple_entry_antechambers, uniq_robin
D:5:      layout_loops_ring, nicolae_wu_jian_immortal_techniques,
          nicolae_kikubaaqudgha_miasma_corner, uniq_pikel

Skill      XL: |  1  2  3  4  5 |
---------------+----------------+-----
Maces & Flails | 3 4 |  4.2
Armour         | 4 |  4.3
Shields        | 4 |  4.3
Fighting       | 4 |  4.3

Action                     |  1- 3 |  4- 6 || total
---------------------------+-------+-------++-------
  Melee: Flail             |   110 |   192 ||   302
    Use: Scroll            |       |    15 ||    15
         Potion            |       |     3 ||     3
 Armour: Scale mail        |    26 |       ||    26
         Chain mail        |    62 |   157 ||   219
  Dodge: Dodged            |    54 |    75 ||   129
  Block: Buckler           |    21 |    49 ||    70

Table legend: (Time is in decaauts)
 A = Elapsed time spent in this place.
 B = Non-inter-level travel time spent in this place.
 C = Inter-level travel time spent in this place.
 D = Time resting spent in this place.
 E = Time spent auto-exploring this place.
 F = Levels seen in this place.
 G = Mean time per level.
                   A        B        C        D        E       F      G
               +--------+--------+--------+--------+--------+-----+--------+
         Total |   3840 |   3478 |    362 |     98 |   2597 |   5 |  768.0 |
       Dungeon |   3840 |   3478 |    362 |     98 |   2597 |   5 |  768.0 |
               +--------+--------+--------+--------+--------+-----+--------+

Top non-repeatable levels by time:
     D:1: 1190 daAuts
     D:4: 1006 daAuts
     D:2: 962 daAuts
     D:3: 632 daAuts
     D:5: 48 daAuts
